 Dungeon Crawl Stone Soup version 0.29-a0-321-gf1c400731a (webtiles) character file.

Game seed: 9794845876048582338

3893 wakim the Grappler (level 10, -2/100 HPs)
             Began as a Troll Gladiator on Apr 4, 2022.
             Was an Elder of Qazlal.
             Slain by a two-headed ogre
             ... wielding a +0 giant spiked club
              (37 damage)
             ... on level 7 of the Dungeon.
             The game lasted 00:26:42 (7388 turns).

wakim the Grappler (Troll Gladiator)                Turns: 7388, Time: 00:26:43

Health: -2/100     AC:  4    Str: 26    XL:     10   Next: 0%
Magic:  13/13      EV: 10    Int:  6    God:    Qazlal [****..]
Gold:   331        SH:  5    Dex: 11    Spells: 9/9 levels left

rFire   . . .      SeeInvis .     - Unarmed
rCold   . . .      Faith    .   (no shield)
rNeg    . . .      Spirit   .   a - +0 robe
rPois   .          Reflect  .   b - +0 hat
rElec   .          Harm     .   (no cloak)
rCorr   .          Rampage  .   (gloves unavailable)
Will    .....                   (boots unavailable)
Stlth   +.........              A - amulet of regeneration
HPRegen 1.86/turn               V - ring of flight
MPRegen 0.13/turn               (no ring)

@: flying, studying Unarmed Combat, repel missiles
A: large, unfitting armour, claws 3, regeneration 1, shaggy fur 1, tough skin 1
a: Renounce Religion, Upheaval, Elemental Force


You were on level 7 of the Dungeon.
You worshipped Qazlal.
Qazlal was greatly pleased with you.
You visited 2 branches of the dungeon, and saw 9 of its levels.
You also visited: Ossuary.

You collected 436 gold pieces.
You spent 105 gold pieces at shops.

Inventory:

Missiles
 c - 6 throwing nets {=f!f}
 f - a large rock {=f}
 j - 4 javelins
 m - 15 poisoned darts
 s - 240 stones (quivered)
 Y - 3 boomerangs
Armour
 a - a +0 robe (worn)
 b - a +0 hat (worn)
 Z - a +0 kite shield
Jewellery
 A - an amulet of regeneration (around neck)
 V - a ring of flight (left claw)
Wands
 t - a wand of digging (4)
 z - a wand of polymorph (6)
Scrolls
 r - 2 scrolls of identify
 R - a scroll of magic mapping {!r}
 T - 3 scrolls of teleportation
 W - a scroll of enchant armour
 X - a scroll of fog
Potions
 B - 3 potions of attraction {!q}
 D - 4 potions of brilliance
 E - a potion of cancellation
 F - 6 potions of curing
 G - 4 potions of flight
 H - a potion of haste
 I - 3 potions of invisibility
 J - 2 potions of heal wounds
 K - 2 potions of magic
 L - 2 potions of lignification {!q}
 N - 4 potions of might


   Skills:
 + Level 6.7 Fighting
 + Level 5.6 Throwing
 - Level 2.4 Dodging
 * Level 3.6 Shields
 + Level 9.0 Unarmed Combat
 * Level 5.8 Invocations


You had 9 spell levels left.
You didn't know any spells.
Your spell library contained the following spells:

 Spells                   Type           Power      Damage    Failure   Level
 Foxfire                  Conj/Fire      0%         2x1d4     45%         1
 Slow                     Hex            0%         N/A       45%         1
 Corpse Rot               Necr/Air       0%         N/A       58%         2
 Poisonous Vapours        Pois/Air       0%         N/A       58%         2
 Confusing Touch          Hex            0%         N/A       83%         3
 Conjure Flame            Conj/Fire      0%         6-21      83%         3
 Frozen Ramparts          Ice            0%         1d2       83%         3
 Inner Flame              Hex/Fire       0%         N/A       83%         3
 Vampiric Draining        Necr           0%         2d6       83%         3
 Flame Wave               Conj/Fire      0%         2d4       99%         4
 Ice Form                 Ice/Tmut       0%         N/A       99%         4
 Summon Ice Beast         Ice/Summ       0%         N/A       99%         4
 Summon Forest            Summ/Tloc      0%         N/A       100%        5
 Eringya's Noxious Bog    Tmut/Pois      0%         N/A       100%        6
 Summon Hydra             Summ           0%         N/A       100%        7


Dungeon Overview and Level Annotations

Branches:
Dungeon (8/15)             Temple (1/1) D:4         Ossuary (visited)
   Lair: D:8-11

Altars:
Ashenzari
Cheibriados
Elyvilon
Fedhas
Kikubaaqudgha
Makhleb
Qazlal
Ru
Sif Muna
Vehumet
Wu Jian
Zin
The Shining One

Shops:
D:1 [=*   D:2 !   D:5 *   D:6 [


Innate Abilities, Weirdness & Mutations

You are too large for most types of armour.
You have claws for hands.
Your natural rate of healing is unusually fast.
You are covered in fur. (AC +1)
You have tough skin. (AC +1)


Message History

The two-headed ogre hits you but does no damage.
You fly upwards.
There is a stone staircase leading down, spattered with blood here. 80/100 (-17)
You scratch the two-headed ogre but do no damage. 82/100 (+2)
You scratch the two-headed ogre.
The two-headed ogre is lightly wounded.
The two-headed ogre hits you with a +0 giant spiked club!!
The two-headed ogre hits you with a +0 giant spiked club!
* * * LOW HITPOINT WARNING * * *
46/100 (-36)
You mangle the two-headed ogre!!
The two-headed ogre is heavily wounded. 47/100 (+1)
You scratch the two-headed ogre but do no damage.
The two-headed ogre is heavily wounded.
The two-headed ogre closely misses you.
You block the two-headed ogre's attack. 49/100 (+2)
You claw the two-headed ogre!
The two-headed ogre is severely wounded. 50/100 (+1)
You scratch the two-headed ogre.
The two-headed ogre is severely wounded.
The two-headed ogre closely misses you.
The two-headed ogre barely misses you. 52/100 (+2)
You scratch the two-headed ogre but do no damage.
The two-headed ogre is severely wounded. 53/100 (+1)
You barely miss the two-headed ogre.
The two-headed ogre is severely wounded.
The two-headed ogre hits you with a +0 giant spiked club!!
* * * LOW HITPOINT WARNING * * *
You block the two-headed ogre's attack. 34/100 (-19)
You barely miss the two-headed ogre.
The two-headed ogre is severely wounded.
The two-headed ogre barely misses you.
The two-headed ogre hits you with a +0 giant spiked club!!!
You die...

.##...#.........###.#########
.##..##..#######.#.##
.#..###..# ##.## ...##.#..#
#.# ..##..#..# #.# .##...'.##
#.# ..##..#.# #.#
...##.#[#########[#
.#..###........O@)#
.....##..##########
.###..#..# .# ##...## ##
#####


You could see a two-headed ogre.

Vanquished Creatures
  Grinder (D:5)
  A wraith (Ossuary)
  A water moccasin (D:6)
  2 black bears
  An ice beast (D:5)
  2 orc warriors (D:7)
  A sky beast (D:5)
  6 centaurs (D:7)
  2 phantoms
  A necrophage (D:6)
  A gnoll sergeant (D:5)
  2 bullfrogs
  2 scorpions (D:4)
  3 wights (D:7)
  9 killer bees (D:7)
  2 howler monkeys
  5 jellies
  7 orc priests
  2 gnoll shamans
  A hound (D:4)
  8 iguanas
  3 orc wizards
  Ijyb (D:4)
  2 mummies
  27 gnolls
  6 adders
  2 white imps (D:6)
  3 ufetubi
  A worm (D:2)
  2 dart slugs (D:4)
  28 orcs
  6 ball pythons
  13 endoplasms
  5 giant cockroaches
  13 goblins
  14 hobgoblins
  14 kobolds
  5 quokkas
  4 bats
  3 frilled lizards
  8 gnoll skeletons (Ossuary)
  5 kobold skeletons (Ossuary)
  12 orc skeletons (Ossuary)
  5 rats
  A spectral kobold (D:2)
243 creatures vanquished.

Vanquished Creatures (others)
  17 plants
17 creatures vanquished.

Grand Total: 260 creatures vanquished

Notes
Turn   | Place    | Note
-------+----------+-------------------------------------------
     0 | D:1      | wakim the Troll Gladiator began the quest for the Orb.
     0 | D:1      | Reached XP level 1. HP: 19/19 MP: 0/0
    91 | D:1      | !bestwep
   127 | D:1      | Reached XP level 2. HP: 28/28 MP: 1/1
   170 | D:1      | Found Xidduaz's Jewellery Shop.
   275 | D:1      | Found Jott's Assorted Antiques.
   330 | D:1      | Reached XP level 3. HP: 35/35 MP: 2/2
   330 | D:1      | Found Wyuraweo's Antique Armour Shop.
   708 | D:2      | Found a faded altar of an unknown god.
   820 | D:2      | Found the +1 Delatra's gloves {ID++}
   837 | D:2      | Found Raonwafu's Distillery.
  1050 | D:1      | Bought a scroll labelled MUAMUA FUPOLOSCH for 22 gold
                  | pieces
  1050 | D:1      | Bought a scroll labelled DOVET FEMMEQUO for 22 gold pieces
  1050 | D:1      | Bought a scroll labelled AKOAFA EFUWO for 22 gold pieces
  1718 | D:3      | Reached XP level 4. HP: 43/44 MP: 3/3
  2044 | D:3      | Reached skill level 4 in Unarmed Combat
  2331 | D:3      | Reached XP level 5. HP: 48/53 MP: 4/4
  2734 | D:4      | Noticed Ijyb
  2815 | D:4      | Reached XP level 6. HP: 61/61 MP: 5/5
  2918 | D:4      | Reached skill level 5 in Unarmed Combat
  2927 | D:4      | Found a staircase to the Ecumenical Temple.
  2941 | Temple   | Entered the Ecumenical Temple
  3087 | Temple   | Became a worshipper of Qazlal Stormbringer
  3255 | D:4      | Reached XP level 7. HP: 63/70 MP: 6/6
  3265 | D:4      | Identified a scroll of acquirement
  3265 | D:4      | Acquired a manual of Unarmed Combat
  3385 | D:4      | Killed Ijyb
  3503 | D:2      | Bought a potion of curing for 39 gold pieces
  3834 | D:4      | Reached * piety under Qazlal
  4053 | D:5      | Entered Level 5 of the Dungeon
  4109 | D:5      | Reached skill level 6 in Unarmed Combat
  4223 | D:5      | Found Cuew's General Store.
  4227 | D:5      | Noticed Grinder
  4299 | D:5      | Reached skill level 1 in Invocations
  4449 | D:5      | Paralysed by Grinder for 2 turns
  4484 | D:5      | Paralysed by Grinder for 6 turns
  4492 | D:5      | Killed Grinder
  4493 | D:5      | Reached skill level 5 in Fighting
  4493 | D:5      | Reached XP level 8. HP: 78/80 MP: 8/8
  4572 | D:5      | !bestwep
  4879 | D:5      | Reached ** piety under Qazlal
  5202 | D:5      | Reached skill level 7 in Unarmed Combat
  5455 | D:6      | !bestwep
  5543 | D:6      | Found Ojot's Armour Shoppe.
  5842 | D:6      | Reached XP level 9. HP: 83/89 MP: 11/11
  6026 | D:7      | Reached skill level 1 in Shields
  6055 | D:7      | Reached *** piety under Qazlal
  6061 | D:7      | Reached skill level 5 in Throwing
  6083 | D:7      | Reached skill level 8 in Unarmed Combat
  6100 | D:7      | Reached skill level 5 in Invocations
  6319 | D:7      | Found a sand-covered staircase.
  6328 | Ossuary  | Entered an ossuary
  6452 | Ossuary  | Reached **** piety under Qazlal
  7341 | D:8      | Noticed a two-headed ogre
  7351 | D:7      | Reached skill level 9 in Unarmed Combat
  7351 | D:7      | Reached XP level 10. HP: 59/100 MP: 13/13
  7388 | D:7      | Slain by a two-headed ogre

Illustrated notes ..# ..# ..# ... ..# .... ..## ..... ... #.... ###.# #....##.@.# #.......### #.......# #.......# #......)### #.........# #.......#.# ####...)#.########## ##.†.#..........# Turn 91 on D:1: !bestwep

#..# #..#..#..#...#
+..# #))'..'.)# ..#
##.#########.####
#..#...'..#...#
+..#..)#..#...#
#.###)####.#####
'..#..........'...#
'..'....#+##..#).)+
#######'# #####@##
..'..)..# #...oo#
..#..#.)# #....g#
###..#'#####..(..#
..####.....#######
...............
..?............
######.†......#
#[######.#


Turn 4572 on D:5: !bestwep #..<...... . ........ .##......# ........##.#
((##......##.## ...(........... #. #(.........# #...####@##..#.#
#......>.##..#.# ....####..##.##.# . #.....##.## ##>##..#..## #.##...#..#
#.##...##.# .# #.##.#>.#.## .# #.##.#..#..###.# Turn 5455 on D:6: !bestwep

Levels and vault maps discovered:
D:1:      dpeg_arrival_erosion, layout_basic, serial_shops, nicolae_square_shop,
          shop_statue, shop
D:2:      layout_loops_cross, dreamdust_ecumenical_altar_drowned_temple,
          serial_shops, shop_fountains
D:3:      layout_basic, grunt_ministairs_9, chequers_serial_rivers_large_a,
          dreamdust_princess_corridor
D:4:      minmay_razor_zed, layout_basic, minmay_temple_entry_mini_moons,
          glass_columns_a, uniq_ijyb
D:5:      corexii_shantytown, layout_basic, serial_shops, shop_fountains,
          uniq_grinder
D:6:      layout_rooms, serial_shops, nicolae_shop_behind_doors
D:7:      layout_loops_ring, gup_ossuary_entry_pyramid, centaur_isle
D:8:      layout_cave_pools, mainiacjoe_overflow_alcove_1, enter_bailey_3,
          serial_bayou, serial_bayou_lagoon_a, serial_bayou_lake_a,
          serial_bayou_lagoon_b, serial_bayou_pond_b
Temple:   mainiacjoe_temple_trianglar_array

Skill      XL: |  1  2  3  4  5  6  7  8  9 |
---------------+----------------------------+-----
Throwing       | 2 3 4 5 |  5.6
Fighting       | 2 3 4 5 6 |  6.7
Unarmed Combat | 4 5 6 7 9 |  9.0
Invocations    | 2 4 5 |  5.8
Shields        | 3 |  3.6
Dodging        | |  2.4

Action                   |  1- 3 |  4- 6 |  7- 9 | 10-12 || total
-------------------------+-------+-------+-------+-------++-------
Melee: Unarmed           |   110 |   113 |   452 |     9 ||   684
       Punch             |     6 |     4 |    22 |       ||    32
Throw: Stone             |     3 |    10 |    69 |       ||    82
Evoke: Wand              |       |       |     2 |       ||     2
  Use: Scroll            |     1 |     5 |    17 |       ||    23
 Stab: Sleeping          |     3 |       |       |       ||     3
Armor: Robe              |    48 |    47 |   111 |     1 ||   207
Dodge: Dodged            |    64 |    86 |   199 |     4 ||   353
       Repelled          |       |       |       |     1 ||     1
Block: Other             |       |       |    62 |     3 ||    65

Table legend: (Time is in decaauts)
 A = Elapsed time spent in this place.
 B = Non-inter-level travel time spent in this place.
 C = Inter-level travel time spent in this place.
 D = Time resting spent in this place.
 E = Time spent auto-exploring this place.
 F = Levels seen in this place.
 G = Mean time per level.
                   A        B        C        D        E       F      G
               +--------+--------+--------+--------+--------+-----+--------+
         Total |   7349 |   6698 |    651 |     79 |   4588 |  10 |  734.9 |
       Dungeon |   6929 |   6306 |    623 |     79 |   4380 |   8 |  866.1 |
        Temple |    185 |    157 |     28 |      0 |    131 |   1 |  185.0 |
       Ossuary |    233 |    233 |      0 |      0 |     77 |   1 |  233.0 |
               +--------+--------+--------+--------+--------+-----+--------+

Top non-repeatable levels by time:
     D:3: 1315 daAuts
     D:5: 1301 daAuts
     D:4: 1064 daAuts
     D:7: 1043 daAuts
     D:2: 790 daAuts
     D:1: 743 daAuts
     D:6: 644 daAuts
 Ossuary: 233 daAuts
  Temple: 185 daAuts
     D:8: 26 daAuts
